 Dungeon Crawl Stone Soup version 0.29.0-4-gdea44cf6ec (webtiles) character file.

Game seed: 11987066794846649484

105 qw the Chopper (level 4, -3/26 HPs)
             Began as a Tengu Warper on Aug 28, 2022.
             Killed from afar by an orc wizard (8 damage)
             ... with a magic dart
             ... on level 3 of the Dungeon.
             The game lasted 00:00:15 (2406 turns).

qw the Chopper (Tengu Warper)                       Turns: 2406, Time: 00:00:16

Health: -3/26      AC: 10    Str: 13    XL:     4   Next: 83%
Magic:  8/8        EV:  0    Int: 13    God:
Gold:   992        SH: 12    Dex: 14    Spells: 7/7 levels left

rFire   . . .      SeeInvis .   Y - +1 hand axe
rCold   . . .      Faith    .   d - +0 tower shield
rNeg    . . .      Spirit   .   h - +0 plate armour
rPois   .          Reflect  .   (helmet restricted)
rElec   .          Harm     .   (no cloak)
rCorr   .          Rampage  .   (no gloves)
Will    .....                   (boots unavailable)
Stlth   ..........              (no amulet)
HPRegen 0.08/turn               (no ring)
MPRegen 0.11/turn               (no ring)

@: no status effects
A: beak, talons 3
a: no special abilities


You were on level 3 of the Dungeon.
You visited 1 branch of the dungeon, and saw 3 of its levels.

You collected 992 gold pieces.


Innate Abilities, Weirdness & Mutations

You have a beak for a mouth.
You have claws for feet.


   Skills:
 - Level 2.0 Fighting
 - Level 4.1 Axes
 - Level 1.0 Throwing
 - Level 2.0 Armour
 - Level 2.1 Dodging
 + Level 2.3 Shields
 - Level 2.0 Spellcasting
 - Level 2.4 Translocations


You had 7 spell levels left.
You didn't know any spells.
Your spell library contained the following spells:

 Spells                   Type           Power      Damage    Failure   Level
 Blink                    Tloc           14%        N/A       100%        2
 Gell's Gravitas          Tloc           7%         N/A       100%        3
 Lesser Beckoning         Tloc           7%         N/A       100%        3
 Teleport Other           Tloc           7%         N/A       100%        3
 Manifold Assault         Tloc           7%         N/A       100%        5

Inventory:

Hand Weapons
 k - a +0 flail
 Y - a +1 hand axe (weapon)
Armour
 d - a +0 tower shield (worn)
 h - a +0 plate armour (worn)
Scrolls
 a - 5 scrolls of identify
 i - 2 scrolls of fear {unknown}
Potions
 b - a potion of heal wounds
 c - a potion of degeneration {unknown}
 e - a potion of flight {unknown}
 f - a potion of invisibility {unknown}
 g - 4 potions of curing {unknown}

Dungeon Overview and Level Annotations

Branches:
Dungeon (3/15)

Altars:


Message History

Something hits you but does no damage.
You're too confused to attack without stumbling around!
There is a strange disturbance nearby!
Something hits you.
You're too confused to attack without stumbling around!
There is a strange disturbance nearby!
Something hits you but does no damage.
You're too confused to attack without stumbling around!
There is a strange disturbance nearby!
Something hits you but does no damage.
You're too confused to attack without stumbling around!
There is a strange disturbance nearby!
Something hits you but does no damage.
You're too confused to attack without stumbling around!
There is a strange disturbance nearby!
Something hits you but does no damage.
You're too confused to attack without stumbling around!
There is a strange disturbance nearby!
Something hits you.
You're too confused to attack without stumbling around!
There is a strange disturbance nearby!
Something hits you but does no damage.
You're too confused to attack without stumbling around!
There is a strange disturbance nearby!
Something hits you but does no damage.
You're too confused to attack without stumbling around!
There is a strange disturbance nearby!
Something hits you.
You're too confused to attack without stumbling around!
There is a strange disturbance nearby!
Something hits you but does no damage.
You're too confused to attack without stumbling around!
There is a strange disturbance nearby!
You feel less confused. Something hits you but does no damage.
You miss something. Your kick misses something. Your peck misses something.
You hear some strange, mumbled words.
A magic dart appears from out of thin air!
The magic dart hits you!
You die...

#.##...#...####...#.........# #.
#.######........#.....##########.
#.# #....7.7..####..# #... #.#
#.#.7.7.7.# #.## #.## #.#
#....7_7..## #.# #.#
#+#####...7.7.7..###.#########.#
...........7.7...#........[....#
........#...............########
........##..###{@.......#
........###....)#.......#
#+###########.###.......# #.#
#.)..# #.......# ..###### #.)))#
#.).....# ........ +...##
######### .......# #...# ......##
....# )>....# .....#


There were no monsters in sight!

Vanquished Creatures
  An orc priest (D:3)
  An adder (D:2)
  2 dart slugs (D:1)
  5 orcs (D:3)
  5 ball pythons
  5 endoplasms
  2 giant cockroaches
  12 goblins
  5 hobgoblins
  4 jackals
  A quokka (D:3)
  A bat (D:1)
  2 frilled lizards
  3 kobolds
  3 rats
52 creatures vanquished.

Notes
Turn   | Place    | Note
-------+----------+-------------------------------------------
     0 | D:1      | qw the Tengu Warper began the quest for the Orb.
     0 | D:1      | Reached XP level 1. HP: 12/12 MP: 4/4
     0 | D:1      | 0 ||| qw: Version: 0.1-a-89-g26bdef1
     0 | D:1      | 0 ||| qw: Game counter: 3377
     0 | D:1      | 0 ||| qw: Always use a shield: true
     0 | D:1      | 0 ||| qw: God list: Okawaru
     0 | D:1      | 0 ||| qw: Allow faded altars: false
     0 | D:1      | 0 ||| qw: Do Orc after D:15 true
     0 | D:1      | 0 ||| qw: Do second Lair branch before Depths: true
     0 | D:1      | 0 ||| qw: Lair rune preference: random
     0 | D:1      | 0 ||| qw: Plans: Normal
     0 | D:1      | 0 ||| PLANNING D:1-11
   169 | D:1      | Reached skill level 3 in Axes
   169 | D:1      | Reached XP level 2. HP: 17/17 MP: 6/6
   202 | D:1      | 202 ||| Stepping ~*~*~tactically~*~*~ (stealth).
   222 | D:1      | 222 ||| DROPPING +0 club.
   840 | D:1      | 840 ||| UPGRADING to +0 plate armour.
   850 | D:1      | 850 ||| DROPPING +0 leather armour.
   851 | D:1      | 851 ||| READING scroll labelled JAMAYR ICAIWIA.
   852 | D:1      | 852 ||| READING scroll labelled VOTOUHAMEF.
   853 | D:1      | 853 ||| READING scroll labelled PENOT KOZOPPO.
   853 | D:1      | Identified a scroll of acquirement
   853 | D:1      | 853 ||| ACQUIRING 895 gold pieces
   853 | D:1      | Acquired 895 gold pieces
   855 | D:1      | 855 ||| DROPPING scroll of blinking.
   928 | D:2      | Reached XP level 3. HP: 21/21 MP: 7/7
  1073 | D:2      | 1073 ||| Stepping ~*~*~tactically~*~*~ (stealth).
  1083 | D:2      | 1083 ||| Stepping ~*~*~tactically~*~*~ (stealth).
  1090 | D:2      | Reached skill level 4 in Axes
  1111 | D:2      | 1111 ||| Stepping ~*~*~tactically~*~*~ (stealth).
  1113 | D:2      | 1113 ||| Stepping ~*~*~tactically~*~*~ (stealth).
  1114 | D:2      | 1114 ||| Stepping ~*~*~tactically~*~*~ (stealth).
  1443 | D:2      | 1443 ||| Stepping ~*~*~tactically~*~*~ (stealth).
  1661 | D:2      | 1661 ||| UPGRADING to +0 tower shield.
  1666 | D:2      | 1666 ||| READING scroll labelled QOETHEIPOG.
  1667 | D:2      | 1667 ||| DRINKING 3 fizzy pink potions.
  1700 | D:2      | 1700 ||| READING 2 scrolls of identify.
  1700 | D:2      | 1700 ||| IDENTIFYING murky grey potion
  1701 | D:2      | 1701 ||| DROPPING 2 potions of lignification.
  1763 | D:3      | Found a faded altar of an unknown god.
  1792 | D:3      | Reached XP level 4. HP: 26/26 MP: 8/8
  1811 | D:3      | 1811 ||| DROPPING +0 whip.
  1923 | D:3      | Reached skill level 1 in Shields
  2375 | D:3      | 2375 ||| Stepping ~*~*~tactically~*~*~ (hiding).
  2385 | D:3      | 2385 ||| FLEEEEING.
  2386 | D:3      | 2386 ||| FLEEEEING.
  2387 | D:3      | 2387 ||| FLEEEEING.
  2388 | D:3      | 2388 ||| FLEEEEING.
  2395 | D:3      | HP: 6/26 [something (3)]
  2400 | D:3      | HP: 6/26 [something (1)]
  2406 | D:3      | Killed from afar by an orc wizard

Levels and vault maps discovered:
D:1:      spicycebolla_arrival_clurvy, layout_loops_corners
D:2:      layout_basic
D:3:      layout_basic, chequers_ecumenical_altar_simple_redux,
          serial_bayou_pond_a, chequers_mini_garden

Skill      XL: |  1  2  3  4 |
---------------+-------------+-----
Axes           | 3 4 |  4.1
Armour         | 2 |  2.0
Shields        | 2 |  2.3
Fighting       | |  2.0
Throwing       | |  1.0
Dodging        | |  2.1
Spellcasting   | |  2.0
Translocations | |  2.4

Action                   |  1- 3 |  4- 6 || total
-------------------------+-------+-------++-------
Melee: Hand axe          |    83 |    28 ||   111
       Kick              |    17 |    11 ||    28
       Peck              |    12 |     8 ||    20
       Punch             |     1 |       ||     1
Throw: Boomerang         |     7 |       ||     7
  Use: Scroll            |     5 |       ||     5
       Potion            |     1 |       ||     1
Armor: Leather armour    |     6 |       ||     6
       Plate armour      |    46 |    20 ||    66
Dodge: Dodged            |    14 |       ||    14
Block: Tower shield      |     4 |    15 ||    19

Table legend:
 A = Non-vault XP
 B = Vault XP
 C = Vault XP percentage of total XP
 D = Non-vault monster count
 E = Vault monster count
 F = Vault count percentage of total count
                 A         B        C        D         E       F
            +---------+---------+-------+---------+---------+-------
      Total |     151 |       0 |   0.0 |      52 |       0 |   0.0
            +---------+---------+-------+---------+---------+-------
        D:1 |      29 |       0 |   0.0 |      15 |       0 |   0.0
        D:2 |      45 |       0 |   0.0 |      20 |       0 |   0.0
        D:3 |      77 |       0 |   0.0 |      17 |       0 |   0.0
            +---------+---------+-------+---------+---------+-------
